Workbook

Sheet Paramètres
A1: PARAMÈTRES — Tableau de bord marge
A2: Taux de marge cible minimum (%) | B2: 30
A3: Taux TVA standard (%) | B3: 20
A4: Devise | B4: EUR
A5: Période de référence | B5: 2025
A7: → Modifiez le taux de marge cible (B2) pour mettre à jour le formatage conditionnel dans l'onglet Produits.

Sheet Produits
A1: TABLEAU DE BORD MARGE COMMERCIALE — SimulateurExcel.fr
A2: # | B2: Référence / Produit | C2: Famille | D2: Prix achat HT (€) | E2: Prix vente HT (€) | F2: Marge brute (€) | G2: Taux de marge (%) | H2: Taux de marque (%) | I2: Statut
A3: 1 | B3: Produit A | C3: Famille 1 | D3: 45 | E3: 72 | F3: =IF(AND(D3<>"",E3<>""),E3-D3,"") | G3: =IF(AND(D3<>"",D3<>0),(E3-D3)/D3*100,"") | H3: =IF(AND(E3<>"",E3<>0),(E3-D3)/E3*100,"") | I3: =IF(G3="","",IF(G3>=Paramètres!$B$2,"✓ OK","⚠ Revoir"))
A4: 2 | B4: Produit B | C4: Famille 1 | D4: 12.5 | E4: 22 | F4: =IF(AND(D4<>"",E4<>""),E4-D4,"") | G4: =IF(AND(D4<>"",D4<>0),(E4-D4)/D4*100,"") | H4: =IF(AND(E4<>"",E4<>0),(E4-D4)/E4*100,"") | I4: =IF(G4="","",IF(G4>=Paramètres!$B$2,"✓ OK","⚠ Revoir"))
A5: 3 | B5: Produit C | C5: Famille 2 | D5: 80 | E5: 115 | F5: =IF(AND(D5<>"",E5<>""),E5-D5,"") | G5: =IF(AND(D5<>"",D5<>0),(E5-D5)/D5*100,"") | H5: =IF(AND(E5<>"",E5<>0),(E5-D5)/E5*100,"") | I5: =IF(G5="","",IF(G5>=Paramètres!$B$2,"✓ OK","⚠ Revoir"))
A6: 4 | B6: Produit D | C6: Famille 2 | D6: 200 | E6: 260 | F6: =IF(AND(D6<>"",E6<>""),E6-D6,"") | G6: =IF(AND(D6<>"",D6<>0),(E6-D6)/D6*100,"") | H6: =IF(AND(E6<>"",E6<>0),(E6-D6)/E6*100,"") | I6: =IF(G6="","",IF(G6>=Paramètres!$B$2,"✓ OK","⚠ Revoir"))
A7: 5 | B7: Produit E | C7: Famille 3 | D7: 15 | E7: 19 | F7: =IF(AND(D7<>"",E7<>""),E7-D7,"") | G7: =IF(AND(D7<>"",D7<>0),(E7-D7)/D7*100,"") | H7: =IF(AND(E7<>"",E7<>0),(E7-D7)/E7*100,"") | I7: =IF(G7="","",IF(G7>=Paramètres!$B$2,"✓ OK","⚠ Revoir"))
A8: 6 | B8: Produit F | C8: Famille 1 | D8: 30 | E8: 52 | F8: =IF(AND(D8<>"",E8<>""),E8-D8,"") | G8: =IF(AND(D8<>"",D8<>0),(E8-D8)/D8*100,"") | H8: =IF(AND(E8<>"",E8<>0),(E8-D8)/E8*100,"") | I8: =IF(G8="","",IF(G8>=Paramètres!$B$2,"✓ OK","⚠ Revoir"))
A9: 7 | B9: Produit G | C9: Famille 3 | D9: 5.5 | E9: 12 | F9: =IF(AND(D9<>"",E9<>""),E9-D9,"") | G9: =IF(AND(D9<>"",D9<>0),(E9-D9)/D9*100,"") | H9: =IF(AND(E9<>"",E9<>0),(E9-D9)/E9*100,"") | I9: =IF(G9="","",IF(G9>=Paramètres!$B$2,"✓ OK","⚠ Revoir"))
A10: 8 | B10: Produit H | C10: Famille 2 | D10: 110 | E10: 155 | F10: =IF(AND(D10<>"",E10<>""),E10-D10,"") | G10: =IF(AND(D10<>"",D10<>0),(E10-D10)/D10*100,"") | H10: =IF(AND(E10<>"",E10<>0),(E10-D10)/E10*100,"") | I10: =IF(G10="","",IF(G10>=Paramètres!$B$2,"✓ OK","⚠ Revoir"))
A11: 9 | B11: Produit I | C11: Famille 1 | D11: 22 | E11: 38 | F11: =IF(AND(D11<>"",E11<>""),E11-D11,"") | G11: =IF(AND(D11<>"",D11<>0),(E11-D11)/D11*100,"") | H11: =IF(AND(E11<>"",E11<>0),(E11-D11)/E11*100,"") | I11: =IF(G11="","",IF(G11>=Paramètres!$B$2,"✓ OK","⚠ Revoir"))
A12: 10 | B12: Produit J | C12: Famille 3 | D12: 8 | E12: 11.5 | F12: =IF(AND(D12<>"",E12<>""),E12-D12,"") | G12: =IF(AND(D12<>"",D12<>0),(E12-D12)/D12*100,"") | H12: =IF(AND(E12<>"",E12<>0),(E12-D12)/E12*100,"") | I12: =IF(G12="","",IF(G12>=Paramètres!$B$2,"✓ OK","⚠ Revoir"))
A13: 11 | C13: Famille 1 | F13: =IF(AND(D13<>"",E13<>""),E13-D13,"") | G13: =IF(AND(D13<>"",D13<>0),(E13-D13)/D13*100,"") | H13: =IF(AND(E13<>"",E13<>0),(E13-D13)/E13*100,"") | I13: =IF(G13="","",IF(G13>=Paramètres!$B$2,"✓ OK","⚠ Revoir"))
A14: 12 | C14: Famille 2 | F14: =IF(AND(D14<>"",E14<>""),E14-D14,"") | G14: =IF(AND(D14<>"",D14<>0),(E14-D14)/D14*100,"") | H14: =IF(AND(E14<>"",E14<>0),(E14-D14)/E14*100,"") | I14: =IF(G14="","",IF(G14>=Paramètres!$B$2,"✓ OK","⚠ Revoir"))
A15: 13 | C15: Famille 3 | F15: =IF(AND(D15<>"",E15<>""),E15-D15,"") | G15: =IF(AND(D15<>"",D15<>0),(E15-D15)/D15*100,"") | H15: =IF(AND(E15<>"",E15<>0),(E15-D15)/E15*100,"") | I15: =IF(G15="","",IF(G15>=Paramètres!$B$2,"✓ OK","⚠ Revoir"))
A16: 14 | C16: Famille 1 | F16: =IF(AND(D16<>"",E16<>""),E16-D16,"") | G16: =IF(AND(D16<>"",D16<>0),(E16-D16)/D16*100,"") | H16: =IF(AND(E16<>"",E16<>0),(E16-D16)/E16*100,"") | I16: =IF(G16="","",IF(G16>=Paramètres!$B$2,"✓ OK","⚠ Revoir"))
A17: 15 | C17: Famille 2 | F17: =IF(AND(D17<>"",E17<>""),E17-D17,"") | G17: =IF(AND(D17<>"",D17<>0),(E17-D17)/D17*100,"") | H17: =IF(AND(E17<>"",E17<>0),(E17-D17)/E17*100,"") | I17: =IF(G17="","",IF(G17>=Paramètres!$B$2,"✓ OK","⚠ Revoir"))
A18: TOTAUX / MOYENNES | D18: =SUM(D3:D17) | E18: =SUM(E3:E17) | F18: =SUM(F3:F17) | G18: =IFERROR(F18/D18*100,"") | H18: =IFERROR(F18/E18*100,"")

Sheet Synthèse
A1: SYNTHÈSE — VUE D'ENSEMBLE
A2: Chiffre d'affaires total (HT) | B2: =SUM(Produits!E3:E17)
A3: Coût d'achat total (HT) | B3: =SUM(Produits!D3:D17)
A4: Marge brute totale (€) | B4: =B2-B3
A5: Taux de marge moyen pondéré (%) | B5: =IFERROR(B4/B3*100,0)
A6: Taux de marque moyen pondéré (%) | B6: =IFERROR(B4/B2*100,0)
A7: Nombre de produits en catalogue | B7: =COUNTA(Produits!B3:B17)
A8: Produits sous le taux cible | B8: =COUNTIF(Produits!I3:I17,"⚠ Revoir")
